 Dungeon Crawl Stone Soup version 0.30-a0-1157-g2cc9ac7196 (webtiles) character file.

Game seed: 18361511338347341494

20 qeuew the Ducker (level 2, -1/22 HPs)
             Began as a Demonspawn Gladiator on Apr 24, 2023.
             Slain by a quokka (4 damage)
             ... on level 1 of the Dungeon.
             The game lasted 00:00:31 (195 turns).

qeuew the Ducker (Demonspawn Gladiator)              Turns: 195, Time: 00:00:31

Health: -1/22      AC:  3    Str: 14    XL:     2   Next: 58%
Magic:  2/2        EV: 12    Int:  9    God:
Gold:   0          SH:  0    Dex: 14    Spells: 1/1 levels left

rFire   . . .        a - +0 long sword
rCold   . . .        (no shield)
rNeg    . . .        b - +0 leather armour
rPois   .            (helmet restricted)
rElec   .            (no cloak)
rCorr   .            (no gloves)
SInv    .            (no boots)
Will    .....        (no amulet)
Stlth   +            (no ring)
HPRegen 0.23/turn    (no ring)
MPRegen 0.08/turn

%: no passive effects
@: no status effects
A: horns 1
a: no special abilities


You were on level 1 of the Dungeon.
You visited 1 branch of the dungeon, and saw 1 of its levels.

Inventory:

Hand Weapons
 a - a +0 long sword (weapon)
Missiles
 d - 3 throwing nets (quivered)
 e - a javelin
Armour
 b - a +0 leather armour (worn)
 c - a +0 helmet
Scrolls
 g - a scroll of identify {unknown}
Potions
 f - a potion of heal wounds {unknown}


   Skills:
 + Level 2.1 Fighting
 * Level 2.9 Long Blades
 * Level 2.1 Throwing
 + Level 0.3 Armour
 * Level 3.0 Dodging


You had one spell level left.
You didn't know any spells.
Your spell library was empty.

Dungeon Overview and Level Annotations

Branches:
Dungeon (1/15)

Altars:


Innate Abilities, Weirdness & Mutations

You have a pair of small horns on your head.


Message History

You slash the gnoll!
The gnoll is almost dead.
The quokka bites you but does no damage.
The gnoll barely misses you. The quokka closely misses you.
You closely miss the gnoll. Your headbutt misses the gnoll.
The gnoll is almost dead.
The gnoll hits you with a +0 spear.
* * * LOW HITPOINT WARNING * * *
The quokka barely misses you.
You hit the gnoll.
You kill the gnoll!
The quokka misses you.
The quokka twitches its whiskers.
The quokka barely misses you.
Your Throwing skill increases to level 2!
Your Dodging skill increases to level 3!
You barely miss the quokka. The quokka closely misses you.
You barely miss the quokka.
The quokka bites you but does no damage. x2
You completely miss the quokka. The quokka closely misses you.
You hit the quokka but do no damage. The quokka closely misses you.
The quokka bites you but does no damage.
You hit the quokka but do no damage. The quokka bites you.
You slash the quokka!
You kill the quokka!
A quokka comes into view.
You see here a quokka corpse.
A ball python comes into view.
You see here a scroll labelled QYASOIBROAG.
The quokka closely misses you.
You see here a scroll labelled QYASOIBROAG.
The quokka barely misses you. The quokka bites you.
The ball python closely misses you. The ball python barely misses you.
The quokka bites you.
* * * LOW HITPOINT WARNING * * *
You see here a scroll labelled QYASOIBROAG.
You closely miss the ball python. The ball python bites you.
* * * LOW HITPOINT WARNING * * *
The ball python closely misses you. The quokka bites you.
You die...

.... ...
#..# .#
##...###.#
#........#
#!....#..#
#.#.....#..#
......S.#..#
#.#####@#).#
#.....r.†..#
#.#####.#.##
#.#.# #.#.#
#.#.# #.
##.#.# #.#
#..#.#
#.####..#.#


You could see a quokka and a ball python.

Vanquished Creatures
  A gnoll (D:1)
  2 endoplasms (D:1)
  2 kobolds (D:1)
  A quokka (D:1)
  A ball python (D:1)
  2 bats (D:1)
  A rat (D:1)
10 creatures vanquished.

Notes
Turn   | Place    | Note
-------+----------+-------------------------------------------
     0 | D:1      | qeuew the Demonspawn Gladiator began the quest for the Orb.
     0 | D:1      | Reached XP level 1. HP: 16/16 MP: 1/1
   158 | D:1      | Discovered your monstrous ancestry.
   158 | D:1      | Gained mutation: You have a pair of small horns on your
                  | head. [demonic ancestry]
   158 | D:1      | Reached XP level 2. HP: 22/22 MP: 2/2
   182 | D:1      | Reached skill level 3 in Dodging
   195 | D:1      | Slain by a quokka

Illustrated notes

Levels and vault maps discovered:
D:1:      roderic_crossed_star, layout_loops_ring,
          chequers_serial_rivers_micro_c, kennysheep_doodads

Skill      XL: |  1  2 |
---------------+-------+-----
Throwing       | 2 |  2.1
Dodging        | 3 |  3.0
Fighting       | |  2.1
Long Blades    | |  2.9
Armour         | |  0.3

Action                     || total
---------------------------++-------
  Melee: Long sword        ||    39
         Punch             ||     1
         Headbutt          ||     2
 Armour: Leather armour    ||    19
  Dodge: Dodged            ||    39

Table legend: (Time is in decaauts)
 A = Elapsed time spent in this place.
 B = Non-inter-level travel time spent in this place.
 C = Inter-level travel time spent in this place.
 D = Time resting spent in this place.
 E = Time spent auto-exploring this place.
 F = Levels seen in this place.
 G = Mean time per level.
                   A        B        C        D        E       F      G
               +--------+--------+--------+--------+--------+-----+--------+
         Total |    204 |    204 |      0 |      0 |    120 |   1 |  204.0 |
       Dungeon |    204 |    204 |      0 |      0 |    120 |   1 |  204.0 |
               +--------+--------+--------+--------+--------+-----+--------+

Top non-repeatable levels by time:
     D:1: 204 daAuts
